MWL (24 & UNDER)
PLUMSTEAD EAGLES @ ERIE JAXX
05/20/2023
 
TOP OF THE 1ST
Plumstead Eagles batting - Pitching for Erie Jaxx : RHP Manny Pérez
Pitching: RHP Manny Pérez
Batting: LHB Shane Lynch 0-0: SOLO HOME RUN (Flyball, 89XD), Distance : 395 ft
Batting: RHB Wyatt McKinnon 0-0: Ball
1-0: Foul Ball, location: 2F
1-1: Ball
2-1: Foul Ball, location: 2F
2-2: Ball
3-2: Ground out 5-3 (Groundball, 5)
Batting: RHB Germano Labrego 0-0: Ball
1-0: Swinging Strike
1-1: Ball
2-1: Ball
3-1: Base on Balls
Batting: LHB Dave Pitts 0-0: Foul Ball, location: 2F
0-1: SINGLE (Line Drive, 34D)
Germano Labrego to second
Batting: RHB Dan Banks 0-0: Called Strike
0-1: Ball
1-1: Ball
2-1: SINGLE (Groundball, 6M)
Germano Labrego to third
Dave Pitts to second
Runner from 3rd tries for Home, SAFE, throw made home
Dave Pitts to third
Dan Banks to second
Batting: RHB Tim Davis 0-0: Called Strike
0-1: Called Strike
0-2: Strikes out looking
Batting: SHB Nate Rhodes 0-0: Called Strike
0-1: Ball
1-1: Called Strike
1-2: Ball
2-2: Ball
3-2: Strikes out swinging
Top of the 1st over - 2 run(s), 3 hit(s), 0 error(s), 2 left on base; Plumstead 2 - Erie 0
BOTTOM OF THE 1ST
Erie Jaxx batting - Pitching for Plumstead Eagles : RHP Edward Baker
Pitching: RHP Edward Baker
Batting: RHB José Estrada 0-0: Called Strike
0-1: Ball
1-1: Swinging Strike
1-2: Foul Ball, location: 2F
1-2: Foul Ball, location: 2F
1-2: Ball
2-2: Foul Ball, location: 2F
2-2: Ball
3-2: Foul Ball, location: 2F
3-2: Base on Balls
Batting: LHB Don Hull 0-0: Ball
1-0: Ball
2-0: Ball
3-0: Called Strike
3-1: Fly out, F8 (Flyball, 8RM)
Batting: SHB Keith Shaffer 0-0: Ball
1-0: Fly out, F9 (Flyball, 9M)
Batting: SHB Pedro Martínez 0-0: Called Strike
0-1: Called Strike
0-2: Ball
1-2: Strikes out swinging
Bottom of the 1st over - 0 run(s), 0 hit(s), 0 error(s), 1 left on base; Plumstead 2 - Erie 0
TOP OF THE 2ND
Plumstead Eagles batting - Pitching for Erie Jaxx : RHP Manny Pérez
Batting: RHB Donald Sanford 0-0: Foul Ball, location: 2F
0-1: Swinging Strike
0-2: Ball
1-2: Ground out 1-3 (Groundball, 13)
Batting: RHB Louis Smith 0-0: Ball
1-0: Called Strike
1-1: Called Strike
1-2: Strikes out swinging
Batting: LHB Shane Lynch 0-0: Foul Ball, location: 2F
0-1: Ball
1-1: Swinging Strike
1-2: Ball
2-2: Strikes out swinging
Top of the 2nd over - 0 run(s), 0 hit(s), 0 error(s), 0 left on base; Plumstead 2 - Erie 0
BOTTOM OF THE 2ND
Erie Jaxx batting - Pitching for Plumstead Eagles : RHP Edward Baker
Batting: SHB Héctor Barajas 0-0: Ball
1-0: SINGLE (Flyball, 7LM)
Batting: RHB Luis Alou 0-0: Ball
1-0: Grounds into double play, 6-4-3 (Groundball, 6)
Batting: RHB Richard Bankhead 0-0: Ball
1-0: Foul Ball, location: 2F
1-1: SINGLE (Line Drive, 7S)
Batting: RHB Bo Vickers 0-0: Ball
1-0: Ball
2-0: Fielders Choice at 2nd, U4 (Groundball, 4M)
Bottom of the 2nd over - 0 run(s), 2 hit(s), 0 error(s), 1 left on base; Plumstead 2 - Erie 0
TOP OF THE 3RD
Plumstead Eagles batting - Pitching for Erie Jaxx : RHP Manny Pérez
Batting: RHB Wyatt McKinnon 0-0: Ball
1-0: Ball
2-0: Called Strike
2-1: Foul Ball, location: 2F
2-2: Foul Ball, location: 2F
2-2: Strikes out looking
Batting: RHB Germano Labrego 0-0: Ground out 5-3 (Groundball, 56)
Batting: LHB Dave Pitts 0-0: Foul Ball, location: 2F
0-1: Ball
1-1: Swinging Strike
1-2: Ball
2-2: Ball
3-2: Base on Balls
Batting: RHB Dan Banks 0-0: Ball
1-0: Ball
2-0: Called Strike
2-1: Foul Ball, location: 2F
2-2: Strikes out swinging
Top of the 3rd over - 0 run(s), 0 hit(s), 0 error(s), 1 left on base; Plumstead 2 - Erie 0
BOTTOM OF THE 3RD
Erie Jaxx batting - Pitching for Plumstead Eagles : RHP Edward Baker
Batting: RHB Raúl Ruíz 0-0: Ball
1-0: Swinging Strike
1-1: Foul Ball, location: 2F
1-2: Strikes out swinging
Batting: RHB José Estrada 0-0: Foul Ball, location: 2F
0-1: Called Strike
0-2: Ball
1-2: Ball
2-2: SINGLE (Groundball, 6D)
Batting: LHB Don Hull 0-0: Called Strike
0-1: Called Strike
0-2: Ball
1-2: Foul Ball, location: 2F
1-2: SINGLE (Line Drive, 34)
José Estrada to second
Runner from 2nd tries for 3rd, SAFE, no throw or cutoff
Batting: SHB Keith Shaffer 0-0: Called Strike
0-1: Ball
1-1: Ball
2-1: Foul Ball, location: 2F
2-2: Fly out, F7 (Flyball, 78XD)
Runner from 3rd tags up, SCORES, no throw
Batting: SHB Pedro Martínez 0-0: Ball
1-0: Ball
2-0: Called Strike
2-1: Ball
3-1: Base on Balls
Don Hull to second
Batting: SHB Héctor Barajas 0-0: Foul Ball, location: 2F
0-1: Ball
1-1: Foul Ball, location: 2F
1-2: Strikes out looking
Bottom of the 3rd over - 1 run(s), 2 hit(s), 0 error(s), 2 left on base; Plumstead 2 - Erie 1
TOP OF THE 4TH
Plumstead Eagles batting - Pitching for Erie Jaxx : RHP Manny Pérez
Batting: RHB Tim Davis 0-0: Called Strike
0-1: Foul Ball, location: 2F
0-2: Ball
1-2: Foul Ball, location: 2F
1-2: Strikes out swinging
Batting: SHB Nate Rhodes 0-0: Swinging Strike
0-1: Ball
1-1: Called Strike
1-2: Strikes out swinging
Batting: RHB Donald Sanford 0-0: Ball
1-0: Ground out 6-3 (Groundball, 6M)
Top of the 4th over - 0 run(s), 0 hit(s), 0 error(s), 0 left on base; Plumstead 2 - Erie 1
BOTTOM OF THE 4TH
Erie Jaxx batting - Pitching for Plumstead Eagles : RHP Edward Baker
Batting: RHB Luis Alou 0-0: Ball
1-0: Ball
2-0: Called Strike
2-1: Fly out, F7 (Line Drive, 7M)
Batting: RHB Richard Bankhead 0-0: Foul Ball, location: 2F
0-1: Foul Ball, location: 2F
0-2: Foul Ball, location: 2F
0-2: Strikes out swinging
Batting: RHB Bo Vickers 0-0: Called Strike
0-1: Ball
1-1: Called Strike
1-2: Foul Ball, location: 2F
1-2: Strikes out swinging
Bottom of the 4th over - 0 run(s), 0 hit(s), 0 error(s), 0 left on base; Plumstead 2 - Erie 1
TOP OF THE 5TH
Plumstead Eagles batting - Pitching for Erie Jaxx : RHP Manny Pérez
Batting: RHB Louis Smith 0-0: Called Strike
0-1: Ground out 6-3 (Groundball, 6)
Batting: LHB Shane Lynch 0-0: Fly out, F8 (Flyball, 78D)
Batting: RHB Wyatt McKinnon 0-0: Called Strike
0-1: Fly out, F7 (Flyball, 7LM)
Top of the 5th over - 0 run(s), 0 hit(s), 0 error(s), 0 left on base; Plumstead 2 - Erie 1
BOTTOM OF THE 5TH
Erie Jaxx batting - Pitching for Plumstead Eagles : RHP Edward Baker
Batting: RHB Raúl Ruíz 0-0: Ground out 6-3 (Groundball, 6M)
Batting: RHB José Estrada 0-0: Called Strike
0-1: Swinging Strike
0-2: Ball
1-2: Foul Ball, location: 2F
1-2: Ball
2-2: Foul Ball, location: 2F
2-2: Fly out, F7 (Line Drive, 7M)
Batting: LHB Don Hull 0-0: Called Strike
0-1: Ball
1-1: Fly out, F9 (Flyball, 8RM)
Bottom of the 5th over - 0 run(s), 0 hit(s), 0 error(s), 0 left on base; Plumstead 2 - Erie 1
TOP OF THE 6TH
Plumstead Eagles batting - Pitching for Erie Jaxx : RHP Manny Pérez
Batting: RHB Germano Labrego 0-0: Ball
1-0: Swinging Strike
1-1: Called Strike
1-2: Foul Ball, location: 2F
1-2: Strikes out swinging
Batting: LHB Dave Pitts 0-0: Called Strike
0-1: Ground out 4-3 (Groundball, 4M)
Batting: RHB Dan Banks 0-0: Foul Ball, location: 2F
0-1: Fly out, F9 (Flyball, 9S)
Top of the 6th over - 0 run(s), 0 hit(s), 0 error(s), 0 left on base; Plumstead 2 - Erie 1
BOTTOM OF THE 6TH
Erie Jaxx batting - Pitching for Plumstead Eagles : RHP Edward Baker
Batting: SHB Keith Shaffer 0-0: Ball
1-0: Ball
2-0: Called Strike
2-1: Foul Ball, location: 2F
2-2: Strikes out swinging
Pitching: LHP Dave Watkins
Batting: SHB Pedro Martínez 0-0: Foul Ball, location: 2F
0-1: Foul Ball, location: 2F
0-2: Ball
1-2: Ball
2-2: Ground out 4-3 (Groundball, 4MS)
Batting: SHB Héctor Barajas 0-0: Ball
1-0: Swinging Strike
1-1: Swinging Strike
1-2: Ball
2-2: Strikes out looking
Bottom of the 6th over - 0 run(s), 0 hit(s), 0 error(s), 0 left on base; Plumstead 2 - Erie 1
TOP OF THE 7TH
Plumstead Eagles batting - Pitching for Erie Jaxx : RHP Manny Pérez
Batting: RHB Tim Davis 0-0: Ball
1-0: Ball
2-0: Ball
3-0: Base on Balls
Batting: SHB Nate Rhodes 0-0: Ball
1-0: Sac Bunt - play at first, batter safe!
Tim Davis to second
Pinch Hitting: SHB Oliver Deleón 0-0: Bunted foul
0-1: Bunted foul
0-2: Foul Ball, location: 2F
0-2: Ball
1-2: Ball
2-2: Foul Ball, location: 2F
2-2: Foul Ball, location: 2F
2-2: 3-RUN HOME RUN (Flyball, 9D), Distance : 366 ft
Batting: RHB Louis Smith 0-0: Called Strike
0-1: Ball
1-1: Swinging Strike
1-2: SINGLE (Flyball, 9LS)
Batting: LHB Shane Lynch 0-0: Bunted foul
0-1: Bunted foul
0-2: Ball
1-2: Ball
2-2: Ball
3-2: Strikes out looking
Batting: RHB Wyatt McKinnon 0-0: Called Strike
0-1: Ball
1-1: Grounds into double play, 6-4-3 (Groundball, 6)
Top of the 7th over - 3 run(s), 3 hit(s), 0 error(s), 0 left on base; Plumstead 5 - Erie 1
BOTTOM OF THE 7TH
Erie Jaxx batting - Pitching for Plumstead Eagles : LHP Dave Watkins
Now at 2B: Hubert Brown
Batting: RHB Luis Alou 0-0: Ball
1-0: Ground out 4-3 (Groundball, 4)
Batting: RHB Richard Bankhead 0-0: Ball
1-0: Ball
2-0: Foul Ball, location: 2F
2-1: Ball
3-1: Base on Balls
Batting: RHB Bo Vickers 0-0: Ball
1-0: Called Strike
1-1: Ball
2-1: Foul Ball, location: 2F
2-2: Ball
3-2: Foul Ball, location: 2F
3-2: Base on Balls
Richard Bankhead to second
Batting: RHB Raúl Ruíz 0-0: Foul Ball, location: 2F
0-1: Ground out 3-1 (Groundball, 34)
Richard Bankhead to third
Bo Vickers to second
Batting: RHB José Estrada 0-0: Ball
1-0: Ball
2-0: Ball
3-0: Called Strike
3-1: Base on Balls
Pitching: LHP Pat Bruce
Batting: LHB Don Hull 0-0: Foul Ball, location: 2F
0-1: Fly out, F7 (Flyball, 7LMF)
Bottom of the 7th over - 0 run(s), 0 hit(s), 0 error(s), 3 left on base; Plumstead 5 - Erie 1
TOP OF THE 8TH
Plumstead Eagles batting - Pitching for Erie Jaxx : RHP Manny Pérez
Pitching: RHP Barry Garner
Batting: RHB Germano Labrego 0-0: Ball
1-0: Called Strike
1-1: Ball
2-1: DOUBLE (Line Drive, 5L)
Batting: LHB Dave Pitts 0-0: Intentional Walk
Batting: RHB Dan Banks 0-0: Ball
1-0: Ball
2-0: Ball
3-0: Called Strike
3-1: Base on Balls
Germano Labrego to third
Dave Pitts to second
Batting: RHB Tim Davis 0-0: Called Strike
0-1: Foul Ball, location: 2F
0-2: Ball
1-2: Fly out, F9 (Flyball, 9LM)
Runner from 3rd tags up, SCORES, throw made
Batting: SHB Nate Rhodes 0-0: Ball
1-0: Ball
2-0: Ball
3-0: Called Strike
3-1: Base on Balls
Dave Pitts to third
Dan Banks to second
Batting: RHB Hubert Brown 0-0: Ball
1-0: Ball
2-0: Foul Ball, location: 2F
2-1: Ball
3-1: Foul Ball, location: 2F
3-2: Fly out, F4 (Line Drive, 4)
3-2: Lined into DP, 4-5 (Line Drive, 4)
Top of the 8th over - 1 run(s), 1 hit(s), 0 error(s), 2 left on base; Plumstead 6 - Erie 1
BOTTOM OF THE 8TH
Erie Jaxx batting - Pitching for Plumstead Eagles : LHP Pat Bruce
Pitching: LHP Armando Rodríguez
Now at SS: Pablo Villarreal
Batting: SHB Keith Shaffer 0-0: Fly out, F9 (Flyball, 9M)
Batting: SHB Pedro Martínez 0-0: Fly out, F9 (Flyball, 89M)
Batting: SHB Héctor Barajas 0-0: Fly out, F8 (Flyball, 8LS)
Bottom of the 8th over - 0 run(s), 0 hit(s), 0 error(s), 0 left on base; Plumstead 6 - Erie 1
TOP OF THE 9TH
Plumstead Eagles batting - Pitching for Erie Jaxx : RHP Barry Garner
Pitching: LHP Júlio Castillo
Batting: RHB Louis Smith 0-0: Called Strike
0-1: Called Strike
0-2: Foul Ball, location: 2F
0-2: Strikes out swinging
Batting: LHB Shane Lynch 0-0: Called Strike
0-1: Foul Ball, location: 2F
0-2: Ball
1-2: Strikes out swinging
Batting: RHB Wyatt McKinnon 0-0: Ball
1-0: Called Strike
1-1: Swinging Strike
1-2: Strikes out looking
Top of the 9th over - 0 run(s), 0 hit(s), 0 error(s), 0 left on base; Plumstead 6 - Erie 1
BOTTOM OF THE 9TH
Erie Jaxx batting - Pitching for Plumstead Eagles : LHP Armando Rodríguez
Now at 3B: Tim Gardner
Batting: RHB Luis Alou 0-0: Called Strike
0-1: Foul Ball, location: 2F
0-2: SINGLE (Line Drive, 78S)
Batting: RHB Richard Bankhead 0-0: Ball
1-0: Foul Ball, location: 2F
1-1: Swinging Strike
1-2: Strikes out looking
Batting: RHB Bo Vickers 0-0: 2-RUN HOME RUN (Flyball, 78XD), Distance : 398 ft
Pitching: RHP Jeremy Murray
Batting: RHB Raúl Ruíz 0-0: Hit by Pitch
Pitching: RHP Aubrey Cote
Pinch Runner at 1st Steve Clifton:
Batting: RHB José Estrada 0-0: Fielders Choice at 2nd, 6-4 (Groundball, 56)
Batting: LHB Don Hull 0-0: Called Strike
0-1: Ball
1-1: Ball
2-1: Foul Ball, location: 2F
2-2: Hit by Pitch
José Estrada to second
Batting: SHB Keith Shaffer 0-0: Swinging Strike
0-1: Ball
1-1: Ball
2-1: Foul Ball, location: 2F
2-2: Fly out, F6 (Popup, 6)
Bottom of the 9th over - 2 run(s), 2 hit(s), 0 error(s), 2 left on base; Plumstead 6 - Erie 3
This league is powered by Out of the Park Baseball, the baseball management simulation game for PC, Mac and Linux
Wednesday, December 2nd, 2015 - OOTP Baseball 16.8 Build 38